PIO (24 & UNDER)
SALEM SLEDGEHAMMERS @ CHULA VISTA TACOS
09/17/2024
 
TOP OF THE 1ST
Salem Sledgehammers batting - Pitching for Chula Vista Tacos : LHP Geoff Williams
Pitching: LHP Geoff Williams
Batting: LHB José Sánchez 0-0: Ball
1-0: Ball
2-0: Ball
3-0: Called Strike
3-1: Foul Ball, location: 2F
3-2: Fly out, F8 (Flyball, 8LM)
Batting: RHB Gilberto Silva 0-0: Ball
1-0: Foul Ball, location: 2F
1-1: Ball
2-1: Ball
3-1: Ground out 3-1 (Groundball, 34)
Batting: RHB Glenn Broadwater 0-0: Reached on error, E5 (Groundball, 6)
Batting: RHB Dale Reeves 0-0: Ball
1-0: Ball
2-0: Fly out, F8 (Flyball, 8RM)
Top of the 1st over - 0 run(s), 0 hit(s), 1 error(s), 1 left on base; Salem 0 - Chula Vista 0
BOTTOM OF THE 1ST
Chula Vista Tacos batting - Pitching for Salem Sledgehammers : RHP Joe Shoemaker
Pitching: RHP Joe Shoemaker
Batting: RHB Manny Torrez 0-0: Called Strike
0-1: Ball
1-1: Ball
2-1: Swinging Strike
2-2: Foul Ball, location: 2F
2-2: Strikes out swinging
Batting: LHB Jaime Icaza 0-0: Ball
1-0: Fly out, F8 (Flyball, 8LM)
Batting: LHB Ken Phillips 0-0: Ball
1-0: Reached on error, E4 (Groundball, 4M)
Batting: LHB Ray Bryant 0-0: SINGLE (Line Drive, 89S)
Ken Phillips to third
Runner from 3rd tries for Home, SAFE, throw made home
Ray Bryant to second
Batting: SHB Chris Woods 0-0: Ball
1-0: Swinging Strike
1-1: Called Strike
1-2: Strikes out looking
Bottom of the 1st over - 1 run(s), 1 hit(s), 1 error(s), 1 left on base; Salem 0 - Chula Vista 1
TOP OF THE 2ND
Salem Sledgehammers batting - Pitching for Chula Vista Tacos : LHP Geoff Williams
Batting: LHB Juan Aguilar 0-0: Called Strike
0-1: Ball
1-1: Foul Ball, location: 2F
1-2: Ball
2-2: Ground out 4-3 (Groundball, 34)
Batting: RHB Finn Buys 0-0: Ball
1-0: Ball
2-0: Ground out 6-3 (Groundball, 6M)
Batting: RHB Patrick Daniels 0-0: Ball
1-0: Called Strike
1-1: Ball
2-1: Ball
3-1: SINGLE (Groundball, 6M) (infield hit)
Batting: RHB Sergio Mata 0-0: Ball
1-0: Called Strike
1-1: Ball
2-1: Called Strike
2-2: Ball
3-2: SINGLE (Groundball, 4)
Patrick Daniels to second
Patrick Daniels to third
Batting: LHB Caleb Hall 0-0: Ball
1-0: Fly out, F6 (Popup, 56)
Top of the 2nd over - 0 run(s), 2 hit(s), 0 error(s), 2 left on base; Salem 0 - Chula Vista 1
BOTTOM OF THE 2ND
Chula Vista Tacos batting - Pitching for Salem Sledgehammers : RHP Joe Shoemaker
Batting: LHB Michael Myers 0-0: Ball
1-0: Foul Ball, location: 2F
1-1: Fly out, F4 (Line Drive, 4)
Batting: RHB Lakota O'Reilly 0-0: Called Strike
0-1: Fly out, F7 (Popup, 56D)
Batting: SHB Michael Aisher 0-0: Foul Ball, location: 2F
0-1: Ground out 6-3 (Groundball, 6M)
Bottom of the 2nd over - 0 run(s), 0 hit(s), 0 error(s), 0 left on base; Salem 0 - Chula Vista 1
TOP OF THE 3RD
Salem Sledgehammers batting - Pitching for Chula Vista Tacos : LHP Geoff Williams
Batting: LHB José Sánchez 0-0: Foul Ball, location: 2F
0-1: Called Strike
0-2: Ball
1-2: Strikes out swinging
Batting: RHB Gilberto Silva 0-0: Called Strike
0-1: Ball
1-1: Ball
2-1: Ground out 6-3 (Groundball, 6)
Batting: RHB Glenn Broadwater 0-0: Called Strike
0-1: Foul Ball, location: 2F
0-2: Ball
1-2: Strikes out swinging
Top of the 3rd over - 0 run(s), 0 hit(s), 0 error(s), 0 left on base; Salem 0 - Chula Vista 1
BOTTOM OF THE 3RD
Chula Vista Tacos batting - Pitching for Salem Sledgehammers : RHP Joe Shoemaker
Batting: LHB Karl Hill 0-0: Ball
1-0: Foul Ball, location: 2F
1-1: Called Strike
1-2: Strikes out swinging
Batting: RHB Manny Torrez 0-0: Swinging Strike
0-1: Called Strike
0-2: Ball
1-2: Strikes out swinging
Batting: LHB Jaime Icaza 0-0: Ball
1-0: Called Strike
1-1: Ball
2-1: Ball
3-1: Base on Balls
Batting: LHB Ken Phillips 0-0: Foul Ball, location: 2F
0-1: Ball
1-1: Ground out 4-3 (Groundball, 4)
Bottom of the 3rd over - 0 run(s), 0 hit(s), 0 error(s), 1 left on base; Salem 0 - Chula Vista 1
TOP OF THE 4TH
Salem Sledgehammers batting - Pitching for Chula Vista Tacos : LHP Geoff Williams
Batting: RHB Dale Reeves 0-0: Ball
1-0: Ball
2-0: Ball
3-0: Called Strike
3-1: Swinging Strike
3-2: Foul Ball, location: 2F
3-2: Fly out, F5 (Popup, 5S)
Batting: LHB Juan Aguilar 0-0: Ball
1-0: Fly out, F8 (Flyball, 8RS)
Batting: RHB Finn Buys 0-0: Ball
1-0: Foul Ball, location: 2F
1-1: Foul Ball, location: 2F
1-2: Ground out 6-3 (Groundball, 6M)
Top of the 4th over - 0 run(s), 0 hit(s), 0 error(s), 0 left on base; Salem 0 - Chula Vista 1
BOTTOM OF THE 4TH
Chula Vista Tacos batting - Pitching for Salem Sledgehammers : RHP Joe Shoemaker
Batting: LHB Ray Bryant 0-0: Called Strike
0-1: Foul Ball, location: 2F
0-2: Ball
1-2: SINGLE (Flyball, 8RS)
Batting: SHB Chris Woods 0-0: Ball
1-0: Called Strike
1-1: Fly out, F8 (Flyball, 8LD)
Batting: LHB Michael Myers 0-0: Called Strike
0-1: Ball
1-1: Swinging Strike
1-2: Strikes out swinging
Batting: RHB Lakota O'Reilly 0-0: Ball
1-0: Foul Ball, location: 2F
1-1: Foul Ball, location: 2F
1-2: Ball
2-2: Ball
3-2: Strikes out swinging
Bottom of the 4th over - 0 run(s), 1 hit(s), 0 error(s), 1 left on base; Salem 0 - Chula Vista 1
TOP OF THE 5TH
Salem Sledgehammers batting - Pitching for Chula Vista Tacos : LHP Geoff Williams
Batting: RHB Patrick Daniels 0-0: Called Strike
0-1: Ball
1-1: Swinging Strike
1-2: Strikes out swinging
Batting: RHB Sergio Mata 0-0: Ball
1-0: Ball
2-0: Ball
3-0: Called Strike
3-1: Swinging Strike
3-2: Strikes out swinging
Batting: LHB Caleb Hall 0-0: Foul Ball, location: 2F
0-1: Called Strike
0-2: SINGLE (Groundball, 6MD)
Batting: LHB José Sánchez 0-0: Fly out, F4 (Popup, 4)
Top of the 5th over - 0 run(s), 1 hit(s), 0 error(s), 1 left on base; Salem 0 - Chula Vista 1
BOTTOM OF THE 5TH
Chula Vista Tacos batting - Pitching for Salem Sledgehammers : RHP Joe Shoemaker
Batting: SHB Michael Aisher 0-0: Ball
1-0: Ball
2-0: Fly out, F7 (Flyball, 78M)
Batting: LHB Karl Hill 0-0: SINGLE (Groundball, 25) (infield hit)
Batting: RHB Manny Torrez 0-0: Ball
Karl Hill steals 2nd base
1-0: Ground out 5-3 (Groundball, 5)
Batting: LHB Jaime Icaza 0-0: Ball
1-0: Fly out, F9 (Flyball, 9M)
Bottom of the 5th over - 0 run(s), 1 hit(s), 0 error(s), 1 left on base; Salem 0 - Chula Vista 1
TOP OF THE 6TH
Salem Sledgehammers batting - Pitching for Chula Vista Tacos : LHP Geoff Williams
Batting: RHB Gilberto Silva 0-0: Called Strike
0-1: Ball
1-1: SOLO HOME RUN (Flyball, 7D), Distance : 388 ft
Batting: RHB Glenn Broadwater 0-0: Ground out U3 (Groundball, 3)
Batting: RHB Dale Reeves 0-0: Ball
1-0: Swinging Strike
1-1: Foul Ball, location: 2F
1-2: Ball
2-2: Fly out, F9 (Flyball, 9M)
Batting: LHB Juan Aguilar 0-0: Ball
1-0: Foul Ball, location: 2F
1-1: Ball
2-1: Ball
3-1: Base on Balls
Pitching: RHP Jody Clemente
Batting: RHB Finn Buys 0-0: Ball
1-0: Foul Ball, location: 2F
1-1: Ball
2-1: Ball
3-1: Foul Ball, location: 2F
3-2: Base on Balls
Juan Aguilar to second
Batting: RHB Patrick Daniels 0-0: Ball
1-0: Foul Ball, location: 2F
1-1: Swinging Strike
1-2: Ball
2-2: DOUBLE (Flyball, 8RXD)
Juan Aguilar scores
Finn Buys to third
Runner from 3rd tries for Home, SAFE, throw made home
Batting: RHB Sergio Mata 0-0: Ball
1-0: Ground out 5-3 (Groundball, 56)
Top of the 6th over - 3 run(s), 2 hit(s), 0 error(s), 1 left on base; Salem 3 - Chula Vista 1
BOTTOM OF THE 6TH
Chula Vista Tacos batting - Pitching for Salem Sledgehammers : RHP Joe Shoemaker
Batting: LHB Ken Phillips 0-0: Ball
1-0: Ball
2-0: DOUBLE (Flyball, 9LS)
Batting: LHB Ray Bryant 0-0: Ball
1-0: Fly out, F7 (Flyball, 78S)
Batting: SHB Chris Woods 0-0: Called Strike
0-1: Ground out 5-3 (Groundball, 56)
Batting: LHB Michael Myers 0-0: Ground out 3-1 (Groundball, 34)
Bottom of the 6th over - 0 run(s), 1 hit(s), 0 error(s), 1 left on base; Salem 3 - Chula Vista 1
TOP OF THE 7TH
Salem Sledgehammers batting - Pitching for Chula Vista Tacos : RHP Jody Clemente
Batting: LHB Caleb Hall 0-0: Called Strike
0-1: Swinging Strike
0-2: Strikes out swinging
Batting: LHB José Sánchez 0-0: Ground out U3 (Groundball, 3S)
Batting: RHB Gilberto Silva 0-0: Reached on error, E5 (Groundball, 56)
Batting: RHB Glenn Broadwater 0-0: Ball
1-0: Swinging Strike
1-1: Called Strike
1-2: Ball
2-2: Strikes out swinging
Top of the 7th over - 0 run(s), 0 hit(s), 1 error(s), 1 left on base; Salem 3 - Chula Vista 1
BOTTOM OF THE 7TH
Chula Vista Tacos batting - Pitching for Salem Sledgehammers : RHP Joe Shoemaker
Batting: RHB Lakota O'Reilly 0-0: Ball
1-0: Ball
2-0: Called Strike
2-1: TRIPLE (Flyball, 9LS)
Batting: SHB Michael Aisher 0-0: Foul Ball, location: 2F
0-1: Called Strike
0-2: Strikes out swinging
Batting: LHB Karl Hill 0-0: Ball
1-0: Ball
2-0: Foul Ball, location: 2F
2-1: Foul Ball, location: 2F
2-2: Strikes out swinging
Batting: RHB Manny Torrez 0-0: Ball
1-0: SINGLE (Popup, 9S)
Lakota O'Reilly scores
Pitching: LHP Allen Purss
Pinch Hitting: RHB John Nelson 0-0: Ball
1-0: Ball
2-0: Called Strike
2-1: Ball
3-1: Base on Balls
Manny Torrez to second
Batting: LHB Ken Phillips 0-0: Ball
1-0: Called Strike
1-1: Foul Ball, location: 2F
1-2: Ball
2-2: Fly out, F3 (Popup, 3F)
Bottom of the 7th over - 1 run(s), 2 hit(s), 0 error(s), 2 left on base; Salem 3 - Chula Vista 2
TOP OF THE 8TH
Salem Sledgehammers batting - Pitching for Chula Vista Tacos : RHP Jody Clemente
Now at 1B: John Nelson
Batting: RHB Dale Reeves 0-0: Called Strike
0-1: Called Strike
0-2: Ball
1-2: Ground out 4-3 (Groundball, 4)
Batting: LHB Juan Aguilar 0-0: Ball
1-0: Foul Ball, location: 2F
1-1: Ball
2-1: Ball
3-1: Base on Balls
Batting: RHB Finn Buys 0-0: Ball
1-0: Swinging Strike
1-1: Ball
2-1: Ball
3-1: SINGLE (Groundball, 5D)
Juan Aguilar to second
Batting: RHB Patrick Daniels 0-0: Called Strike
0-1: Ball
1-1: Ball
2-1: Grounds into double play, 5-4-3 (Groundball, 56)
Top of the 8th over - 0 run(s), 1 hit(s), 0 error(s), 1 left on base; Salem 3 - Chula Vista 2
BOTTOM OF THE 8TH
Chula Vista Tacos batting - Pitching for Salem Sledgehammers : LHP Allen Purss
Batting: LHB Ray Bryant 0-0: Foul Ball, location: 2F
0-1: Foul Ball, location: 2F
0-2: Foul Ball, location: 2F
0-2: Ball
1-2: Ball
2-2: Fly out, F8 (Flyball, 8LD)
Pitching: RHP José López
Batting: SHB Chris Woods 0-0: Reached on error, E4 (Groundball, 4)
Batting: LHB Michael Myers 0-0: Called Strike
0-1: Foul Ball, location: 2F
0-2: Ball
1-2: Ground out 4-3 (Groundball, 4S)
Chris Woods to third
Pinch Hitting: SHB Walt Rodgers 0-0: Ball
1-0: Swinging Strike
1-1: Ball
2-1: Swinging Strike
2-2: Foul Ball, location: 2F
2-2: Ball
3-2: Ground out 4-3 (Groundball, 4)
Bottom of the 8th over - 0 run(s), 0 hit(s), 1 error(s), 1 left on base; Salem 3 - Chula Vista 2
TOP OF THE 9TH
Salem Sledgehammers batting - Pitching for Chula Vista Tacos : RHP Jody Clemente
Pitching: RHP Mike Marrero
Now at SS: Walt Rodgers
Batting: RHB Sergio Mata 0-0: Called Strike
0-1: Swinging Strike
0-2: Strikes out swinging
Batting: LHB Caleb Hall 0-0: Called Strike
0-1: Fly out, F7 (Flyball, 78M)
Batting: LHB José Sánchez 0-0: Called Strike
0-1: Ball
1-1: Ball
2-1: Foul Ball, location: 2F
2-2: Strikes out swinging
Top of the 9th over - 0 run(s), 0 hit(s), 0 error(s), 0 left on base; Salem 3 - Chula Vista 2
BOTTOM OF THE 9TH
Chula Vista Tacos batting - Pitching for Salem Sledgehammers : RHP José López
Pitching: RHP Jeff Hansen
Pinch Hitting: RHB José Oliveira 0-0: Ball
1-0: Foul Ball, location: 2F
1-1: Ball
2-1: Fly out, F3 (Popup, 23F)
Batting: LHB Karl Hill 0-0: Ball
1-0: Ball
2-0: Called Strike
2-1: Ball
3-1: Base on Balls
Batting: RHB Manny Torrez 0-0: Ball
1-0: Swinging Strike
1-1: Ball
2-1: Ball
Wild Pitch!
Karl Hill to second
3-1: Foul Ball, location: 2F
3-2: Strikes out looking
Batting: RHB John Nelson 0-0: Ball
1-0: Called Strike
1-1: Ball
2-1: Swinging Strike
2-2: Strikes out swinging
Bottom of the 9th over - 0 run(s), 0 hit(s), 0 error(s), 1 left on base; Salem 3 - Chula Vista 2
This league is powered by Out of the Park Baseball, the baseball management simulation game for PC, Mac and Linux
Saturday, April 9th, 2016 - OOTP Baseball 16.8 Build 38